 Dungeon Crawl Stone Soup version 0.30-a0-475-g03497ec522 (webtiles) character file.

Game seed: 10219682513618770988

6279 arthad the Geomancer (level 10, -6/58 HPs)
             Began as a Gargoyle Earth Elementalist on Dec 21, 2022.
             Was a Believer of Sif Muna.
             Mangled by a komodo dragon (20 damage)
             ... on level 8 of the Dungeon.
             The game lasted 00:29:16 (8759 turns).

arthad the Geomancer (Gargoyle Earth Elementalist)  Turns: 8759, Time: 00:29:16

Health: -6/58      AC: 11    Str: 16    XL:     10   Next: 94%
Magic:  9/19       EV: 12    Int: 25    God:    Sif Muna [**....]
Gold:   535        SH:  0    Dex: 10    Spells: 2/21 levels left

rFire   + + .      SeeInvis .    f - +8 halberd "Naetsal" {vorpal, *Corrode rElec rPois Str+5}
rCold   . . .      Faith    .    (shield currently unavailable)
rNeg    + . .      Spirit   .    o - +1 robe {rF+}
rPois   ∞          Reflect  .    m - +0 helmet
rElec   +          Harm     .    (no cloak)
rCorr   .          Rampage  .    (no gloves)
Will    +....                    (no boots)
Stlth   +++.......               q - amulet "Gikon" {+Inv Regen+ Int+4}
HPRegen 1.09/turn                h - ring of protection from fire
MPRegen 0.16/turn                B - ring of willpower

@: no status effects
A: sickness immunity, AC +7, negative energy resistance 1, electricity
resistance, torment resistance 1, petrification resistance
a: Renounce Religion, Evoke Invisibility, Channel Magic


You were on level 8 of the Dungeon.
You worshipped Sif Muna.
Sif Muna was pleased with you.
You visited 2 branches of the dungeon, and saw 9 of its levels.
You also visited: Ossuary and Bailey.

You collected 535 gold pieces.

Inventory:

Hand Weapons
 f - the +8 halberd "Naetsal" (weapon) {vorpal, *Corrode rElec rPois Str+5}
   (You took it off a deep elf pyromancer in a bailey)

   It inflicts extra damage upon your enemies.
   Str:       It affects your strength (+5).
   rElec:     It insulates you from electricity.
   rPois:     It protects you from poison.
   *Corrode:  It may corrode you when you take damage.
 j - a +0 scythe
 K - a +2 vorpal sling
Missiles
 O - 5 poisoned darts
Armour
 a - a +0 robe
 m - a +0 helmet (worn)
 o - a +1 robe of fire resistance (worn)
 C - a +4 ring mail of cold resistance
 P - +0 steam dragon scales
Magical Staves
 p - a staff of death
 t - a staff of cold
Jewellery
 h - a ring of protection from fire (left hand)
 q - the amulet "Gikon" (around neck) {+Inv Regen+ Int+4}
   (You took it off a hobgoblin on level 2 of the Dungeon)

   [amulet of regeneration]

   Int:       It affects your intelligence (+4).
   +Inv:      It lets you turn invisible.
   Regen:     It increases your rate of health regeneration.
 B - a ring of willpower (right hand)
Wands
 x - a wand of iceblast (5)
 y - a wand of quicksilver (13)
 D - a wand of flame (26)
 E - a wand of mindburst (4)
 H - a wand of paralysis (8)
 I - a wand of polymorph (3)
Scrolls
 c - 2 scrolls of immolation
 e - 3 scrolls of teleportation
 k - a scroll of magic mapping
 s - a scroll of brand weapon
 u - 2 scrolls of noise
 v - a scroll of fog
 w - 3 scrolls of amnesia
 A - 2 scrolls of fear
 F - 2 scrolls of torment
 G - a scroll of blinking
 L - 3 scrolls of enchant armour {unknown}
 M - 2 scrolls of vulnerability {unknown}
 N - a scroll of identify
 Q - a scroll of poison {unknown}
Potions
 b - 2 potions of magic
 d - 3 potions of curing
 g - 3 potions of berserk rage
 i - a potion of cancellation
 l - a potion of attraction
 n - 3 potions of ambrosia
 r - 3 potions of flight
 z - 2 potions of brilliance
 J - 3 potions of lignification {unknown}


   Skills:
 + Level 4.5 Fighting
 + Level 3.8 Staves
 + Level 4.3 Armour
 + Level 4.0 Dodging
 + Level 5.5 Stealth
 * Level 6.1 Spellcasting
 * Level 6.6 Conjurations
 + Level 3.2 Necromancy
 + Level 3.8 Transmutations
 * Level 8.4 Earth Magic
 + Level 3.5 Invocations


You had 2 spell levels left.
You knew the following spells:

 Your Spells              Type           Power      Damage    Failure   Level
a - Sandblast             Erth           98%        2d20      1%          1
b - Stone Arrow           Conj/Erth      90%        3d12      1%          3
c - Wereblood             Tmut           26%        N/A       2%          2
d - Ensorcelled Hibernat  Hex/Ice        14%        N/A       11%         2
e - Vampiric Draining     Necr           23%        2d7       6%          3
f - Petrify               Tmut/Erth      38%        N/A       6%          4
g - Dispel Undead         Necr           23%        3d12      21%         4

Your spell library contained the following spells:

 Spells                   Type           Power      Damage    Failure   Level
 Beastly Appendage        Tmut           52%        N/A       1%          1
 Magic Dart               Conj           100%       1d8       1%          1
 Necrotise                Necr           92%        1d8       1%          1
 Passwall                 Tmut/Erth      31%        N/A       1%          2
 Searing Ray              Conj           80%        2d7       1%          2
 Spider Form              Tmut/Pois      17%        N/A       10%         3
 Fulminant Prism          Conj/Hex       12%        3d8       19%         4
 Summon Guardian Golem    Hex/Summ       7%         N/A       22%         3
 Swiftness                Air            7%         N/A       22%         3
 Agony                    Necr           23%        N/A       50%         5
 Death Channel            Necr           11%        N/A       97%         6
 Orb of Destruction       Conj           20%        9d8       99%         7
 Malign Gateway           Summ/Tloc      3%         N/A       100%        7
 Spellforged Servitor     Conj/Summ      12%        N/A       100%        7
 Summon Horrible Things   Summ           3%         N/A       100%        8
 Cigotuvi's Dreadful Rot  Necr/Pois/Air  Unusable   N/A       N/A         2

Dungeon Overview and Level Annotations

Branches:
Dungeon (8/15)             Temple (1/1) D:5         Ossuary (visited)
 Bailey (visited)
   Lair: D:8-11

Altars:
Ashenzari
Cheibriados
Dithmenos
Elyvilon
Fedhas
Gozag
Hepliaklqana
Kikubaaqudgha
Makhleb
Nemelex Xobeh
Okawaru
Qazlal
Ru
Sif Muna
Trog
Uskayaw
Vehumet
Wu Jian
Xom
Yredelemnul
Zin
The Shining One


Innate Abilities, Weirdness & Mutations

You are immune to sickness and miasma.
Your stone body is resilient. (AC +7)
You are immune to poison.
You resist negative energy. (rN+)
You are resistant to electric shocks. (rElec)
You are resistant to unholy torment.
You are immune to petrification.


Message History

You now have 535 gold pieces (gained 14).
Found 7 stones.
Q - a scroll labelled HIKYIRINEE You see here a +0 hand axe.
A komodo dragon comes into view.
Found a stone staircase leading down.
A komodo dragon is nearby!
The komodo dragon hisses angrily.
Casting: Sandblast (safe; 1% risk of failure)
Confirm with . or Enter, or press ? or * to list all spells.
Aiming: Stone Arrow (safe; 1% risk of failure)
Press: ? - help, Shift-Dir - straight line, f - komodo dragon
Aim: a komodo dragon (82% to hit)
The stone arrow misses the komodo dragon.
Unknown command.
Casting: Stone Arrow (safe; 1% risk of failure)
Confirm with . or Enter, or press ? or * to list all spells.
Aiming: Stone Arrow (safe; 1% risk of failure)
Press: ? - help, Shift-Dir - straight line, f/p - komodo dragon
Aim: a komodo dragon (82% to hit)
The stone arrow hits the komodo dragon!!
The komodo dragon is heavily wounded.
Casting: Stone Arrow (safe; 1% risk of failure)
Confirm with . or Enter, or press ? or * to list all spells.
Aiming: Stone Arrow (safe; 1% risk of failure)
Press: ? - help, Shift-Dir - straight line, f/p - komodo dragon
Aim: a komodo dragon (heavily wounded, 82% to hit)
The stone arrow hits the komodo dragon!
The komodo dragon is severely wounded.
The komodo dragon bites you!!
Unknown command.
Aiming: Sandblast (safe; 1% risk of failure)
Press: ? - help, Q - select action, (/) - cycle Shift-Dir - straight line, f/p - komodo dragon
Aim: a komodo dragon (severely wounded, 89% to hit)
The blast of sand hits the komodo dragon!
The komodo dragon is almost dead.
The komodo dragon bites you!!
* * * LOW HITPOINT WARNING * * *
The komodo dragon bites you!!
You die...

##### ##...##
##.....##
#.......#
#.......# ##
#.......##...
##..l.......
#...@...##### #
#...........#.#
#.......P.P.#.#
##......._....#
##..>#.P.P...#
#####.....#####
##........#
#...#....#####
#...)).......<


You could see a komodo dragon.

Vanquished Creatures
  A deep elf pyromancer (Bailey)
  An orc knight (Bailey)
  Joseph (D:7)
  Sigmund (D:4)
  9 yaks
  2 steam dragons
  7 orc warriors
  A water moccasin (D:5)
  2 ice beasts
  2 black bears
  2 ogres
  A phantom (D:7)
  3 centaurs
  3 bullfrogs
  4 scorpions
  5 killer bees (D:7)
  3 howler monkeys (D:7)
  7 orc priests
  2 hounds
  2 human zombies (Ossuary)
  3 jellies
  A gnoll bouda (D:6)
  Jessica (D:2)
  An iguana (D:4)
  5 orc wizards
  Natasha (thrice) (D:2)
  Terence (D:2)
  3 hound zombies (Ossuary)
  3 mummies (Ossuary)
  3 gnolls (D:6)
  7 adders
  3 ufetubi
  2 worms
  A dart slug (D:3)
  21 orcs
  8 ball pythons
  6 endoplasms
  2 giant cockroaches (D:1)
  A gnoll zombie (Ossuary)
  12 goblins
  13 hobgoblins
  5 jackals
  5 quokkas
  8 bats
  A frilled lizard (D:1)
  2 goblin zombies (Ossuary)
  6 hobgoblin zombies (Ossuary)
  6 jackal zombies (Ossuary)
  5 kobolds
  3 kobold zombies (Ossuary)
  An orc zombie (Ossuary)
  2 quokka zombies (Ossuary)
  4 rats
  3 rat zombies (Ossuary)
210 creatures vanquished.

Notes
Turn   | Place    | Note
-------+----------+-------------------------------------------
     0 | D:1      | arthad the Gargoyle Earth Elementalist began the quest for
                  | the Orb.
     0 | D:1      | Reached XP level 1. HP: 10/10 MP: 3/3
   261 | D:1      | Reached XP level 2. HP: 15/15 MP: 3/5
   264 | D:1      | Reached skill level 4 in Earth Magic
   496 | D:1      | Reached skill level 1 in Transmutations
   600 | D:1      | Reached XP level 3. HP: 19/19 MP: 4/6
  1144 | D:2      | Learned a level 3 spell: Stone Arrow
  1246 | D:2      | Noticed Jessica
  1250 | D:2      | Killed Jessica
  1251 | D:2      | Reached skill level 1 in Conjurations
  1251 | D:2      | Reached XP level 4. HP: 24/24 MP: 4/7
  1358 | D:2      | Noticed Natasha
  1363 | D:2      | Killed Natasha
  1363 | D:2      | Noticed Natasha
  1368 | D:2      | Killed Natasha
  1369 | D:2      | Reached skill level 1 in Fighting
  1369 | D:2      | Reached XP level 5. HP: 29/29 MP: 1/9
  1374 | D:2      | Identified the amulet "Gikon" {+Inv Regen+ Int+4}
  1485 | D:2      | Noticed Terence
  1504 | D:2      | Killed Terence
  1505 | D:2      | Reached skill level 1 in Armour
  1935 | D:2      | Noticed Natasha
  1940 | D:2      | Killed Natasha
  2283 | D:3      | Reached XP level 6. HP: 34/34 MP: 8/10
  3095 | D:4      | Found a sand-covered staircase.
  3110 | Ossuary  | Entered an ossuary
  3382 | Ossuary  | Reached skill level 5 in Earth Magic
  3560 | Ossuary  | Reached XP level 7. HP: 39/39 MP: 5/11
  3745 | D:4      | Reached skill level 1 in Necromancy
  3832 | D:4      | Reached skill level 1 in Staves
  3918 | D:4      | Noticed Sigmund
  3922 | D:4      | Killed Sigmund
  3990 | D:4      | Learned a level 2 spell: Wereblood
  4271 | D:4      | Found an iron altar of Okawaru.
  4547 | D:5      | Entered Level 5 of the Dungeon
  4586 | D:5      | Found an opulent altar of Gozag.
  4728 | D:5      | Reached XP level 8. HP: 26/44 MP: 8/13
  4872 | D:5      | Found a staircase to the Ecumenical Temple.
  4888 | Temple   | Entered the Ecumenical Temple
  4895 | Temple   | Became a worshipper of Sif Muna the Loreminder
  4907 | D:5      | Learned a level 2 spell: Ensorcelled Hibernation
  4911 | D:5      | Learned a level 3 spell: Vampiric Draining
  5325 | D:5      | Reached skill level 6 in Earth Magic
  5647 | D:6      | Found a snail-covered altar of Cheibriados.
  5845 | D:6      | Reached skill level 1 in Invocations
  6006 | D:6      | Reached XP level 9. HP: 40/49 MP: 12/15
  6423 | D:7      | Found a flagged portal.
  6427 | D:7      | Reached * piety under Sif Muna
  6436 | Bailey   | Entered a bailey
  6683 | Bailey   | Noticed an orc knight
  6693 | Bailey   | Killed an orc knight
  6694 | Bailey   | Reached skill level 5 in Conjurations
  6694 | Bailey   | Reached skill level 7 in Earth Magic
  6696 | Bailey   | Found a large runed translucent door.
  6696 | Bailey   | Found a large runed translucent door.
  6741 | Bailey   | Reached skill level 5 in Spellcasting
  6861 | Bailey   | Identified the +8 halberd "Naetsal" {vorpal, *Corrode rElec
                  | rPois Str+5}
  6861 | Bailey   | Noticed a deep elf pyromancer
  6930 | Bailey   | Killed a deep elf pyromancer
  7060 | D:7      | Reached XP level 10. HP: 56/56 MP: 14/17
  7224 | D:7      | Found a hazy altar of Hepliaklqana.
  7225 | D:7      | Noticed Joseph
  7232 | D:7      | Killed Joseph
  7355 | D:7      | Reached skill level 5 in Stealth
  7772 | D:7      | Found a hide-covered altar of Uskayaw.
  7861 | D:7      | Found a radiant altar of Vehumet.
  7904 | D:7      | Learned a level 4 spell: Petrify
  8058 | D:7      | Reached skill level 8 in Earth Magic
  8295 | D:8      | Learned a level 4 spell: Dispel Undead
  8437 | D:8      | Reached ** piety under Sif Muna
  8584 | D:8      | Found a basalt altar of Yredelemnul.
  8759 | D:8      | Mangled by a komodo dragon

Illustrated notes

Levels and vault maps discovered:
D:1:      dpeg_arrival_line_fractal, layout_basic, minmay_misc_feat_tiny,
          minmay_misc_feat_diagonals, minmay_pentomino_w4
D:2:      layout_loops_cross, uniq_natasha, uniq_jessica, uniq_terence
D:3:      wad_crossroads, layout_loops_cross
D:4:      layout_loops_ring, lemuel_doored_altar, enter_ossuary_1,
          minmay_statues_item, chequers_serial_rivers_large_a, uniq_sigmund
D:5:      layout_cave_pods, lemuel_crystal_altar, minmay_temple_entry_mini_moons
D:6:      layout_gridville, mainiacjoe_overflow_concentric_impassable
D:7:      layout_basic, mainiacjoe_overflow_swirl, mainiacjoe_overflow_catwalk,
          enter_bailey_5, grunt_decor_arrowhead, uniq_joseph
D:8:      layout_rooms, yredelemnul_altar_generic
Temple:   nicolae_temple_no_exploring_needed

Skill      XL: |  1  2  3  4  5  6  7  8  9 10 |
---------------+-------------------------------+-----
Earth Magic    | 4 5 6 7 8 |  8.4
Transmutations | 1 2 3 |  3.8
Conjurations   | 1 2 3 4 5 6 |  6.6
Fighting       | 1 2 3 4 |  4.5
Armour         | 1 2 3 4 |  4.3
Dodging        | 2 3 4 |  4.0
Stealth        | 3 4 5 |  5.5
Spellcasting   | 3 4 5 6 |  6.1
Necromancy     | 1 2 3 |  3.2
Staves         | 1 2 3 |  3.8
Invocations    | 1 2 3 |  3.5

Action                   |  1- 3 |  4- 6 |  7- 9 | 10-12 || total
-------------------------+-------+-------+-------+-------++-------
Melee: Unarmed           |     5 |       |       |       ||     5
       Staff             |       |     8 |     8 |       ||    16
       Halberd           |       |       |       |    18 ||    18
 Cast: Sandblast         |    50 |   121 |   114 |    82 ||   367
       Stone Arrow       |       |     1 |    19 |    19 ||    39
       Vampiric Draining |       |       |     4 |     1 ||     5
Evoke: Wand              |       |       |     8 |       ||     8
  Use: Potion            |       |     2 |     6 |       ||     8
       Scroll            |       |     7 |    10 |       ||    17
 Stab: Paralysed         |       |       |     6 |       ||     6
Armor: Robe              |     1 |    17 |    19 |    28 ||    65
Dodge: Dodged            |     8 |    51 |    41 |    46 ||   146

Table legend: (Time is in decaauts)
 A = Elapsed time spent in this place.
 B = Non-inter-level travel time spent in this place.
 C = Inter-level travel time spent in this place.
 D = Time resting spent in this place.
 E = Time spent auto-exploring this place.
 F = Levels seen in this place.
 G = Mean time per level.
                   A        B        C        D        E       F      G
               +--------+--------+--------+--------+--------+-----+--------+
         Total |   8940 |   8738 |    202 |    641 |   6598 |  11 |  812.7 |
       Dungeon |   7758 |   7568 |    190 |    389 |   6053 |   8 |  969.8 |
        Temple |     14 |      2 |     12 |      0 |      0 |   1 |   14.0 |
       Ossuary |    611 |    611 |      0 |     80 |    376 |   1 |  611.0 |
        Bailey |    555 |    555 |      0 |    172 |    169 |   1 |  555.0 |
               +--------+--------+--------+--------+--------+-----+--------+

Top non-repeatable levels by time:
     D:7: 1329 daAuts
     D:1: 1135 daAuts
     D:5: 1060 daAuts
     D:2: 985 daAuts
     D:3: 964 daAuts
     D:4: 961 daAuts
     D:6: 823 daAuts
 Ossuary: 611 daAuts
  Bailey: 555 daAuts
     D:8: 498 daAuts
  Temple: 14 daAuts
